Cogmind - Beta 15 @@@ ROGUE MODE // 2025.09.22 @ 10:47:50 Player: beans Result: Destroyed by L8-ARR(j) with Overtuned Pulse Rifle Performance ------------- Evolutions (1) 500 Regions Visited (6) 1200 Robots Destroyed (39) 195 Value Destroyed (1373) 1373 Prototype IDs (7) 140 Alien Tech Used (0) 0 Bonus (801) 801 TOTAL SCORE: 4209 Bonus ------- Follower Combat Kills 14 Registered with UFD 300 Met Optimus in HQ 500 Friendly Fire -13 Cogmind --------- Core Integrity 0/400 Matter 289/300 Energy 286/290 System Corruption 0% Temperature Cool (24) Movement Treading (240) Ox1 Location -9/Scraptown Parts ------- > --- POWER (1) -------- Improved Deuterium Engine > --- PROPULSION (2) --- Improved Treads > --- UTILITY (4) ------ Scrap Suit Cooling System Large Storage Unit > --- WEAPON (2) ------- Heavy Machine Gun Heavy Machine Gun > --- INVENTORY (15) --- Aluminum Leg Huge Storage Unit 0b10 Decoder Chip [Looter] Force Field Authchip [Propulsion] Authchip [Device] Authchip [Device] Authchip [Processor] Authchip [Weapon] Field Laser Overtuned Pulse Rifle Plasma Cutter CPS Tube (2) CPS Tube (2) DRS Beacon (Ready) Peak State ------------ > --- POWER ------------ Improved Deuterium Engine > --- PROPULSION ------- Improved Treads Improved Treads > --- UTILITY ---------- Scrap Suit Cooling System Large Storage Unit > --- WEAPON ----------- Heavy Machine Gun Heavy Machine Gun > --- INVENTORY -------- Huge Storage Unit 0b10 Decoder Chip [Looter] Force Field Authchip [Propulsion] Authchip [Device] Authchip [Device] Authchip [Processor] Authchip [Weapon] Field Laser Overtuned Pulse Rifle Plasma Cutter CPS Tube CPS Tube DRS Beacon [Rating: 34] Favorites ----------- Power Improved Ion Engine Engine Improved Ion Engine Propulsion Light Treads Treads Light Treads Utility Cooling System Device Cooling System Storage Large Storage Unit Processor Targeting Computer Hackware Authchip [R/Combat] Weapon Beam Rifle Energy Gun Beam Rifle Ballistic Gun Heavy Machine Gun Build | -11 -10 -10 -9 -9 -9 -9 ------- Run | Yrd Mat Min Mat Sto Rec Scr Slots Evolved 2 | . . . 2 . . . Power . | . . . . . . . Propulsion . | . . . . . . . Utility 2 | . . . 2 . . . Weapon . | . . . . . . . Parts Attached 30 | 5 1 1 3 6 2 12 Power 5 | 1 . . 1 . . 3 Engine 5 | 1 . . 1 . . 3 Core . | . . . . . . . Reactor . | . . . . . . . Propulsion 6 | 2 . . . 2 . 2 Treads 6 | 2 . . . 2 . 2 Leg . | . . . . . . . Wheel . | . . . . . . . Hover . | . . . . . . . Flight . | . . . . . . . Utility 9 | . . 1 1 3 2 2 Device 3 | . . 1 1 . . 1 Storage 2 | . . . . 1 1 . Processor 3 | . . . . 2 . 1 Hackware 1 | . . . . . 1 . Protection . | . . . . . . . Artifact . | . . . . . . . Weapon 10 | 2 1 . 1 1 . 5 Energy Gun 7 | 1 1 . 1 1 . 3 Energy Cannon . | . . . . . . . Ballistic Gun 3 | 1 . . . . . 2 Ballistic Cannon . | . . . . . . . Launcher . | . . . . . . . Special Weapon . | . . . . . . . Impact Weapon . | . . . . . . . Slashing Weapon . | . . . . . . . Piercing Weapon . | . . . . . . . Special Melee Weapon . | . . . . . . . Unidentified Prototypes . | . . . . . . . Corrupted Parts 1 | . . . . . 1 . System Corruption 1 | . . . . . 1 . Parts Lost 13 | . 1 6 . 2 . 4 Power 3 | . . 1 . 1 . 1 Propulsion 4 | . . 2 . . . 2 Utility 2 | . . 1 . 1 . . Weapon 4 | . 1 2 . . . 1 Highest Loss Streak 4 | . 1 4 . 2 . 2 To Critical Strikes . | . . . . . . . Average Backups 7 | . . 1 1 1 5 11 Power . | . . . . . . . Propulsion . | . . . . . . . Utility 5 | . . 1 1 1 5 7 Weapon . | . . . . . . 1 Tool/Special . | . . . . . . . Unused Backups 11 | . . . . . . 11 Power . | . . . . . . . Propulsion . | . . . . . . . Utility 8 | . . . . . . 8 Weapon . | . . . . . . . Tool/Special 3 | . . . . . . 3 Average Slot Usage (%) 74 | . 70 47 2 58 73 83 Engine 5 | . 14 10 . 6 . 6 Treads 20 | . 28 11 . 13 22 21 Device 12 | . . 2 . 11 11 16 Storage 7 | . . . . 2 7 11 Processor 6 | . . . . 11 11 5 Energy Gun 17 | . 19 21 2 13 22 14 Ballistic Gun 4 | . 8 . . . . 7 Peak Build Rating 34 | 5 6 6 5 10 15 34 Average Rating 15 | 3 5 4 . 7 11 22 On Entrance 5 | . 5 6 . 5 9 12 Naked Turns 34 | . . 10 24 . . . Heaviest Build 88 | 5 7 7 8 88 88 46 Greatest Support 46 | 40 40 20 3 40 40 46 Greatest Overweight (x) 2 | . . 2 2 2 2 2 Average Overweight (x) . | . . . . 1 . . Largest Inventory Capacity 25 | 5 5 5 5 25 25 15 Average Capacity 13 | 5 5 5 5 9 16 15 Most Carried 15 | 3 2 2 3 4 8 15 Average Carried 8 | . . 1 2 1 5 12 Final Capacity 15 | 5 5 5 5 5 15 15 Final Carried 15 | . 1 1 1 2 8 15 Class Distribution -------------------- 95% | Mutant 4% | Scrapper Dominant Class ---------------- Mutant | -10/Materials Mutant | -10/Mines Mutant | -9/Materials Mutant | -9/Storage Mutant | -9/Recycling Mutant | -9/Scraptown Resources | -11 -10 -10 -9 -9 -9 -9 ----------- Run | Yrd Mat Min Mat Sto Rec Scr Matter Collected 949 | 169 156 . 10 70 51 493 Remotely . | . . . . . . . Salvage Created 1818 | . 212 27 25 282 288 984 Parts 100 | . 14 . 4 15 13 54 Haulers Intercepted 1 | . . . . 1 . . Recyclers Shooed 2 | . . . . 1 1 . Parts Field Recycled . | . . . . . . . Retrieved Matter . | . . . . . . . Parts Self-Destructed 2 | . . . . . . 2 Prevented . | . . . . . . . Kills | -11 -10 -10 -9 -9 -9 -9 ------- Run | Yrd Mat Min Mat Sto Rec Scr Combat Hostiles Destroyed 36 | . 7 2 . 6 4 17 Guns 36 | . 7 2 . 6 4 17 Classes Destroyed 9 | . 2 . 1 2 1 3 Worker 1 | . . . 1 . . . Hauler 1 | . . . . 1 . . Recycler 1 | . . . . . 1 . Swarmer 5 | . 3 2 . . . . Grunt 9 | . 4 . . 5 . . Sentry 5 | . . . . 1 4 . Federalist 4 | . . . . . . 4 Ranger 2 | . . . . . . 2 Scrapper 11 | . . . . . . 11 Best Kill Streak 6 | . 3 1 1 6 2 6 Combat Bots Only 6 | . 3 1 . 6 2 6 Max Kills in Single Turn 1 | . 1 1 1 1 1 1 Gunslinging . | . . . . . . . Exploded . | . . . . . . . Melee . | . . . . . . . Uniques/NPCs Destroyed . | . . . . . . . Combat | -11 -10 -10 -9 -9 -9 -9 -------- Run | Yrd Mat Min Mat Sto Rec Scr Hostile Shots Fired 288 | . 55 31 . 35 10 157 Missed 72 | . 13 8 . 11 4 36 Hits 216 | . 42 23 . 24 6 121 Melee 6 | . . 1 . . . 5 Projectile 210 | . 42 22 . 24 6 116 AOE 2 | . . 2 . . . . Critical Strikes 7 | . . 1 . . . 6 Part Disruptions 1 | . . 1 . . . . Damage Taken 2968 | . 524 268 . 276 89 1811 Core 634 | . 113 106 . 55 28 332 Absorbed by Shields . | . . . . . . . Regen/Repaired (Parts) 572 | . . . . . . 572 Core Remaining (%) 56 | 100 . 12 . . . . Volleys Fired 150 | 1 35 12 1 31 11 59 Largest 2 | 2 2 2 1 2 2 2 Hottest 160 | 60 105 105 65 121 121 160 Shots Fired 242 | 2 52 19 1 32 20 116 Gun 242 | 2 52 19 1 32 20 116 Cannon . | . . . . . . . Launcher . | . . . . . . . Special . | . . . . . . . Kinetic 96 | 1 11 . . . . 84 Thermal 146 | 1 41 19 1 32 20 32 Explosive . | . . . . . . . Electromagnetic . | . . . . . . . Robot Hit Streak 19 | . 9 2 1 19 6 16 Robot Miss Streak 4 | 2 4 4 . 2 1 3 Penetration Max . | . . . . . . . Secondary Targets 2 | . 1 . . . . 1 Max Gunslinging Chain 1 | . 1 . . . . 1 Shots Hit Robots 148 | . 33 7 1 24 14 69 Core Hits 65 | . 14 3 1 11 9 27 Critical Kills 1 | . . . . . . 1 Critical Parts Destroyed . | . . . . . . . Critical Strikes 6 | . 1 1 . 1 . 3 Burn 5 | . 1 1 . 1 . 2 Destroy 1 | . . . . . . 1 Melee Attacks . | . . . . . . . Impact . | . . . . . . . Slashing . | . . . . . . . Piercing . | . . . . . . . Sneak Attacks . | . . . . . . . Combat Hostiles . | . . . . . . . Follow-up Attacks . | . . . . . . . Damage Inflicted 2575 | . 432 129 14 380 204 1416 Guns 2575 | . 432 129 14 380 204 1416 Cannons . | . . . . . . . Explosions . | . . . . . . . Melee . | . . . . . . . Ramming . | . . . . . . . Kinetic 1078 | . 66 . . . . 1012 Thermal 1497 | . 366 129 14 380 204 404 Explosive . | . . . . . . . Electromagnetic . | . . . . . . . Impact . | . . . . . . . Slashing . | . . . . . . . Piercing . | . . . . . . . Highest Corruption 2 | . 1 2 . . 1 . Average Corruption 1 | . 1 1 . . 1 . Corruption Purged . | . . . . . . . Corruption Blocked . | . . . . . . . Effects 11 | . 2 1 . . 8 . Matter Fused 5 | . 1 . . . 4 . Heat Flow Errors 1 | . . 1 . . . . Energy Discharges 3 | . 1 . . . 2 . Data Loss (minor) 2 | . . . . . 2 . Overload Shots . | . . . . . . . Overflow Damage . | . . . . . . . Projectiles . | . . . . . . . Explosions . | . . . . . . . Melee . | . . . . . . . Knockbacks . | . . . . . . . Impact . | . . . . . . . Kinetic . | . . . . . . . Secondary . | . . . . . . . Self-Inflicted Damage . | . . . . . . . Shots . | . . . . . . . Rammed . | . . . . . . . Targets Rammed . | . . . . . . . Kicked . | . . . . . . . Crushed . | . . . . . . . Highest Temperature 384 | 20 384 255 8 36 81 203 Average Temperature 111 | 10 158 86 6 20 34 88 Received Heat Transfer 1336 | . 198 107 . 135 27 869 Effects 4 | . 4 . . . . . Shutdowns 1 | . 1 . . . . . Interference 2 | . 2 . . . . . Matter Decay 1 | . 1 . . . . . Siege Activations . | . . . . . . . Martial Activations . | . . . . . . . Shielding Activations . | . . . . . . . Robots Disrupted . | . . . . . . . Combat Hostiles . | . . . . . . . Robots Corrupted . | . . . . . . . Combat Hostiles . | . . . . . . . Parts Fried . | . . . . . . . Impact Corruptions . | . . . . . . . Robots Melted . | . . . . . . . Combat Hostiles . | . . . . . . . Parts Melted 10 | . . . . 3 . 7 Heat Transferred 3785 | . 929 371 37 962 518 968 Parts Sabotaged . | . . . . . . . Parts Stolen . | . . . . . . . Parts Stripped . | . . . . . . . Power Chain Reactions . | . . . . . . . Alert | -11 -10 -10 -9 -9 -9 -9 ------- Run | Yrd Mat Min Mat Sto Rec Scr Maximum Alert Level . | . . . . . . . Low Security (%) 100 | 100 100 100 100 100 100 . Level 1 . | . . . . . . . Level 2 . | . . . . . . . Level 3 . | . . . . . . . Level 4 . | . . . . . . . Level 5 . | . . . . . . . High Security . | . . . . . . . Max Security . | . . . . . . . Peak Influence 110 | . 110 88 5 110 30 . Initial 39 | . . 39 . 1 27 . Average 13 | . 26 27 . 37 2 . Influence Increases 564 | . 170 138 5 165 86 . Destroy 0b10 Robot/C 420 | . 140 80 . 120 80 . Destroy 0b10 Robot/NC 15 | . . . 5 5 5 . Destroy Leader 72 | . 30 10 . 32 . . Allied During Kill 18 | . . 18 . . . . Successful Hack 7 | . . . . 7 . . Destroy Structure 2 | . . . . 1 1 . Lose Combat Pursuer 30 | . . 30 . . . . Influence Decreases 564 | . 70 238 . 100 156 . Entered New Map 108 | . . 61 . 4 43 . Time Decay 398 | . 60 149 . 76 113 . Lost Part 58 | . 10 28 . 20 . . Squads Dispatched 2 | . . . . 2 . . Investigation 1 | . . . . 1 . . Extermination . | . . . . . . . Reinforcement 1 | . . . . 1 . . Assault . | . . . . . . . Garrison . | . . . . . . . Intercept . | . . . . . . . Searches Triggered . | . . . . . . . Construction Impeded . | . . . . . . . Haulers Reinforced . | . . . . . . . Active Scanning Responses . | . . . . . . . Cargo Convoy Interrupts . | . . . . . . . Stealth | -11 -10 -10 -9 -9 -9 -9 --------- Run | Yrd Mat Min Mat Sto Rec Scr Distress Signals 3 | . 1 1 . 1 . . Communications Jammed . | . . . . . . . Distress Signals . | . . . . . . . Times Spotted 77 | . 10 19 . 10 4 34 Peak Tracking Total 9 | . 5 9 . 6 2 3 Tactical Retreats 2 | . . 1 . . . 1 Traps | -11 -10 -10 -9 -9 -9 -9 ------- Run | Yrd Mat Min Mat Sto Rec Scr Traps Triggered 3 | . 2 . . 1 . . Indirectly . | . . . . . . . Trap Hack Attempts . | . . . . . . . Triggered . | . . . . . . . Disarmed . | . . . . . . . Reprogrammed . | . . . . . . . Reused . | . . . . . . . Traps Extracted . | . . . . . . . Installed . | . . . . . . . Triggered . | . . . . . . . Machines | -11 -10 -10 -9 -9 -9 -9 ---------- Run | Yrd Mat Min Mat Sto Rec Scr Machines Disabled 2 | . . . . . . 2 Max in Single Turn 1 | . . . . . . 1 Machines Repaired . | . . . . . . . Machines Dismantled . | . . . . . . . Machines Sabotaged . | . . . . . . . Overloaded Fab Kills . | . . . . . . . Hacking | -11 -10 -10 -9 -9 -9 -9 --------- Run | Yrd Mat Min Mat Sto Rec Scr Machines Accessed 3 | . . . . 1 1 1 Terminals 2 | . . . . 1 1 . Fabricators . | . . . . . . . Repair Stations . | . . . . . . . Recycling Units . | . . . . . . . Scanalyzers . | . . . . . . . Garrison Access . | . . . . . . . Total Hacks 8 | . . . . 1 3 4 Successful 6 | . . . . 1 1 4 Failed 2 | . . . . . 2 . Catastrophic . | . . . . . . . Database Lockouts . | . . . . . . . Manual 2 | . . . . 1 . 1 Terminals 4 | . . . . 1 3 . Fabricators . | . . . . . . . Repair Stations . | . . . . . . . Recycling Units . | . . . . . . . Scanalyzers . | . . . . . . . Garrison Access . | . . . . . . . Terminal Hacks 6 | . . . . 1 1 4 Record 4 | . . . . . . 4 Robot Schematic 1 | . . . . . 1 . Open Door 1 | . . . . 1 . . Fabricator Hacks . | . . . . . . . Repair Station Hacks . | . . . . . . . Recycling Unit Hacks . | . . . . . . . Scanalyzer . | . . . . . . . Garrison Access Hacks . | . . . . . . . Unauthorized Hacks . | . . . . . . . Terminals . | . . . . . . . Fabricators . | . . . . . . . Repair Stations . | . . . . . . . Recycling Units . | . . . . . . . Scanalyzers . | . . . . . . . Garrison Access . | . . . . . . . Data Cores Recovered . | . . . . . . . Used . | . . . . . . . Hacking Detections 2 | . . . . 1 1 . Full Trace Events . | . . . . . . . Feedback Events . | . . . . . . . Feedback Blocked . | . . . . . . . Robot Schematics Acquired 1 | . . . . . 1 . Robots Built . | . . . . . . . Authchips . | . . . . . . . Time . | . . . . . . . Total Robot Build Rating . | . . . . . . . Part Schematics Acquired . | . . . . . . . Parts Built . | . . . . . . . Authchips . | . . . . . . . Time . | . . . . . . . Total Part Build Rating . | . . . . . . . Parts Repaired . | . . . . . . . Time . | . . . . . . . Parts Recycled . | . . . . . . . Recycled Matter . | . . . . . . . Retrieved Matter . | . . . . . . . Retrieved Components . | . . . . . . . Parts Scanalyzed . | . . . . . . . Part Schematics Acquired . | . . . . . . . Parts Damaged . | . . . . . . . Bothacking | -11 -10 -10 -9 -9 -9 -9 ------------ Run | Yrd Mat Min Mat Sto Rec Scr Used RIF Installer . | . . . . . . . Robots Hacked . | . . . . . . . Non-combat . | . . . . . . . Combat . | . . . . . . . Robot Hacks Applied . | . . . . . . . Relay Couplers Released . | . . . . . . . Fabnet Peak Effective % . | . . . . . . . Robots Rewired . | . . . . . . . Allies Hacked . | . . . . . . . Hacks Repelled . | . . . . . . . Allies | -11 -10 -10 -9 -9 -9 -9 -------- Run | Yrd Mat Min Mat Sto Rec Scr Total Allies 4 | . . 4 . . . . Largest Group 4 | . . 4 . . . . Highest-Rated Group 71 | . . 71 . . . . Highest-Rated Ally 31 | . . 31 . . . . Total Orders . | . . . . . . . Ally Attacks 29 | . . 29 . . . . Total Damage 348 | . . 348 . . . . Kills 7 | . . 7 . . . . Allies Corrupted . | . . . . . . . Allies Melted 9 | . . . . . . 9 Intel | -11 -10 -10 -9 -9 -9 -9 ------- Run | Yrd Mat Min Mat Sto Rec Scr Active Infowar (turns) . | . . . . . . . Robot Analysis Total . | . . . . . . . Derelict Logs Recovered . | . . . . . . . Drone Launches . | . . . . . . . Drone Recoveries . | . . . . . . . Exploration | -11 -10 -10 -9 -9 -9 -9 ------------- Run | Yrd Mat Min Mat Sto Rec Scr Turns Passed 4642 | 67 270 384 31 224 1325 2341 Spaces Moved 2277 | 44 111 268 46 81 633 1094 Core 209 | 14 . 114 46 35 . . Treads 2068 | 30 111 154 . 46 633 1094 Legs . | . . . . . . . Wheels . | . . . . . . . Hover . | . . . . . . . Flight . | . . . . . . . Fastest Speed 50 | 50 160 50 50 150 160 160 Average Speed 173 | 125 160 114 52 171 199 182 Slowest Speed 320 | 160 160 160 150 320 320 320 Overloaded Moves . | . . . . . . . Propulsion Burnouts . | . . . . . . . Robots Hopped . | . . . . . . . Potential Cave-ins . | . . . . . . . Cave-ins Triggered . | . . . . . . . Exploration Rate (%) 39 | 3 28 49 8 19 98 69 Regions Visited 6 Branch Regions 4 Pre-discovered Areas 1 | . . 1 . . . . Known Exits Taken . | . . . . . . . Unknown Exits Taken 6 | 1 1 1 1 1 1 . Scrap Searched 2 | . . . . . . 2 Spaces Dug . | . . . . . . . Terrain Destroyed 3 | . . . . . . 3 Melee . | . . . . . . . Projectile 3 | . . . . . . 3 AOE . | . . . . . . . Terrain Rammed . | . . . . . . . Walls Destroyed . | . . . . . . . Machines Disabled . | . . . . . . . Actions | -11 -10 -10 -9 -9 -9 -9 --------- Run | Yrd Mat Min Mat Sto Rec Scr Total 2738 | 54 154 325 52 135 675 1343 Wait 230 | . 6 44 . 11 19 150 Move 2271 | 43 110 267 45 80 632 1094 Hop . | . . . . . . . Pick Up 41 | 5 2 1 3 6 8 16 Fast Attach 2 | . . . . . . 2 Attach 25 | 5 1 1 3 6 3 6 Detach 2 | . . . . 1 1 . Swap 9 | . . . . . . 9 Drop 8 | . . . . . 1 7 Fire 150 | 1 35 12 1 31 11 59 Melee . | . . . . . . . Ram . | . . . . . . . Kick . | . . . . . . . Crush . | . . . . . . . Escape Stasis . | . . . . . . . Rewire . | . . . . . . . Trap . | . . . . . . . Miscellaneous . | . . . . . . . Route ------- -11/Scrapyard -10/Materials (discovered 2 exits: [*Min x2]) -10/Mines -9/Materials -9/Storage -9/Recycling (discovered 2 exits: [*Fac] / *Scr) -9/Scraptown History --------- Turn | Location | Event 3 | -11/Scrapyard | Discovered new exit (range 15) 68 | -11/Scrapyard | Entered Materials 89 | -10/Materials | Discovered new exit (range 15) 315 | -10/Materials | Build established: Mutant 325 | -10/Materials | Discovered new exit (range 7) 338 | -10/Materials | Entered Mines 354 | -10/Mines | Core integrity fell below 50% 355 | -10/Mines | Escorted by a lone wolf Derelict 375 | -10/Mines | Learned location of Storage (-9) 448 | -10/Mines | Assisted by bots powering up and referring to "LRC-V3" 603 | -10/Mines | Assembled infested the area 608 | -10/Mines | Assisted by a Guerilla fighting off Assembled 639 | -10/Mines | Core integrity fell below 20% 669 | -10/Mines | Lost 4 parts (1p1n2w) 671 | -10/Mines | Lost 4 allies 683 | -10/Mines | Discovered new exit (range 15) 722 | -10/Mines | Entered Materials 722 | -9/Materials | Evolved 2 slots: Utility x2 723 | -9/Materials | Discovered new exit (range 14) 753 | -9/Materials | Entered Storage 971 | -9/Storage | Used back door to open Recycling access 971 | -9/Storage | Discovered new exit (range 5) 977 | -9/Storage | Entered Recycling 1942 | -9/Recycling | Discovered new exit (range 10) 2257 | -9/Recycling | Scanned before Scraplab entrance 2281 | -9/Recycling | Entered Scraplab 2299 | -9/Recycling | Discovered new exit (range 3) 2302 | -9/Recycling | Entered Scraptown 2302 | -9/Scraptown | System corruption cleaned by C-Scrubber 2466 | -9/Scraptown | Heard Great Nut preacher, LISTEN AND RECITE! 2546 | -9/Scraptown | Visited Assassins FH 2594 | -9/Scraptown | Visited CR-KLE's Repair Center 2605 | -9/Scraptown | Visited Cyclists 2634 | -9/Scraptown | CR-KLE repaired 6 parts 2940 | -9/Scraptown | Visited Fellowship of the Rings 2993 | -9/Scraptown | Visited UFD Registry 2993 | -9/Scraptown | Registered with UFD as "Zerowarp" 3030 | -9/Scraptown | Visited LU-1G1's Boring Crew 3106 | -9/Scraptown | Visited DA-N13 Charitable Foundation 3113 | -9/Scraptown | Found DCF Scrap (30 items) 3180 | -9/Scraptown | Visited Supply Room 3227 | -9/Scraptown | Visited Infowarlord's Domain 3262 | -9/Scraptown | Visited Derelict Rescue Squad 3275 | -9/Scraptown | Found DRS Beacon 3314 | -9/Scraptown | Visited Curators Association 3381 | -9/Scraptown | Visited Science Testing Area 3383 | -9/Scraptown | Received an X-ray algorithm 3407 | -9/Scraptown | Visited Scrap Suit Storage 3437 | -9/Scraptown | Found Scrap Suit 3718 | -9/Scraptown | Met Optimus 3718 | -9/Scraptown | Accepted into 0bPrime 3892 | -9/Scraptown | Visited Abandonware Association 3918 | -9/Scraptown | Learned abandonware demo "REVENGE.EXE" 3918 | -9/Scraptown | Learned abandonware demo "TRNCOAT.EXE" 3918 | -9/Scraptown | Ran an X-ray algorithm 4068 | -9/Scraptown | Civil war broke out across Scraptown 4125 | -9/Scraptown | Lost 4 allies 4147 | -9/Scraptown | Core integrity fell below 50% 4159 | -9/Scraptown | Optimus destroyed in the chaos of civil war 4212 | -9/Scraptown | Lost 3 allies 4345 | -9/Scraptown | Lost 4 allies 4463 | -9/Scraptown | Core integrity fell below 20% 4643 | -9/Scraptown | Destroyed by L8-ARR(j) with Overtuned Pulse Rifle Last Messages --------------- GK-NCC(j) suffers critical hit (Burn). GK-NCC(j) destroyed. Bolt penetrates Machine. Penetrated by Bolt. 6X-P6Z(j) switches sides. Penetrated by Bolt. 6X-P6Z(j) suffers critical hit (Burn). 6X-P6Z(j) overheating. VS-D7D(h) destroyed. 6X-P6Z(j) destroyed. Acquired 8 matter. FU-VBD(j) destroyed. Acquired 24 matter. Acquired Aluminum Leg. 4K-Z46(j) suffers critical hit (Burn). 4K-Z46(j) destroyed. 1R-X9U(j) destroyed. Machine disabled. Imp. Treads destroyed. Bolt penetrates Machine. Map ----- +----------------------------------------------------+ | ?????# """"" #?????#" ! "## ## ##&" | | ?????# #?????## [[ ##?? ## ##"" | | ?????# #?????# #???? ??# #" | | ?????######## ##?????#### #####?????# #???# ## ## | | ????????##### ########### ########### ##### ## ## | | ????????#"""" """"""""""" """"""""""" """"" "" "# | | ????????#" "# | | ????????#" "# | | ????????#" "# | | ????????#" "# | | ?????####" | | #????"""" """""""""""""""""""""""""""" "# | | #????"""" """""""""""""""""""""""""""" "# | | #????"""" ""###### ################"" "# | | #????"""" ""# ##????????#"" "# | | #????"""" ""# X"#????????#"" "# | | ###?#"""" ""# "" "" ##????????#"" "# | | ""#"#"""" [""# "" "" X"#??????###"" = ! # | | """"#""" [ =%!"# " " ######### #"[*[%!%[# | | ""#??###" !*% =" " !!*!!!% | | ###????#"=[ *!!"" "" ==!%=["# | | #########=% *! ""# " " ######### #"!*=[!![# | | !!=%!==%!!""# "" "" ""#??????###""!=%=%=# | | [[=%![=!!%=""# "" ;#????????#""%!![! # | | ==!/!=!!=!*""# j X"#????????#""=[! *"# | | =!=[=%! [!= "# @ ##????????#" ==[%["# | | [=!%**! !=*% ;##### ################"" ! ! # | | %!!%= =%!![! "" """ """"""""""""""" * " | | *=!%[! ![%=! h " " """" """""" "" =%[ | | [!=%*==!=*[!*[%!=!j! =[ !%= % *! # | | %%%!*!%![!%%* *[!%=!!!%! % # | | =[%!![=!= !!% [*[!%= %[%!= !!!%* *== # | | #""""# * !! ! *!=%=!=%! !%=!% =%[% " | | #????# !!%[* ! !!=! = ==! % &! | | #????# ""=%==[%" """"""%%""" """ = " =[%!! " | | ####????#####[#%###########=##########" #####*%*!# | | #?????????# !!| #??#=!!=! ![#???# /#*%!# | | #?????????# # ! # #??# ]![!*%=#???# #=![# | | #?????????# # #?#??# *=!*%! #???#" |"# # | | #?????????# # # #??# %|%!!%/#???#""!!! " #!* # | | #?????????# ####### #??# !|##= !#???# !""!!"# ==! | | #?????????# #??#! *##! #???#[["""!""# [%# | | #?????????# # """ # #??##########???########## =!! | | #?????????# # "#" # #????????????????????????? !%= | | #?????????# # """ #?#????????????????????????? ! | | #?????????# # #??????????????????????????? [! | | #?????????#########??????????????????????????? !! | | #???????????????????????????????????????????????%# | | #????????????????????????????????????????????????# | | #????????????????????????????????????????????????? | +----------------------------------------------------+ Best States ------------- Heat Dissipation 50 Energy Generation 16 Energy Capacity 290 Matter Stores 300 Matter Capacity 300 Sight Range 16 Terrain Scan Density 10 Evasion (%) 50 Targeting Accuracy 10 Recoil Reduction 2 Authchip Count 5 Item Schematics ----------------- None Robot Schematics ------------------ G-34 Mercenary | -9/Recycling | Hacked Fabricated ------------ Nothing Repaired ---------- Nothing Alien Tech Used ----------------- None Achievements -------------- None Challenges ------------ None Game ------ Seed IonBackupArachnoskeleton Manual? 0 Play Time 00:31:07 Cumulative 154.6 hours Start 2025.09.21 @ 10:59:35 End 2025.09.22 @ 10:47:50 Sessions 1 Manual Loads 0 Difficulty Rogue Special Mode None Game No. 503 Rogue 502 Adventurer 1 Explorer 0 Win Type - Total 0 Types 0/0/0/0/0/0/0/0/0/0 Lore% 55 Gallery% 53 Achievement% 42 Wizard Run 0 Options --------- Layout 1 ASCII 0 Keyboard 0 Movement Mouse Keybinds 0 Fullscreen 2 Font 24/Smallcaps Map View 50x35 Zoom Use 0% Tactical HUD 0 Map Filters NONE Filters NONE Steam 1 RUN: 6c4039ef-cab4-4da0-9579-ea2124d4a190